 Dungeon Crawl Stone Soup version 0.22.1-2-g9c5b331383 (webtiles) character file.

3179 Zeepje01 the Basher (level 9, 0/118 HPs)
             Began as a Minotaur Berserker on Dec 3, 2018.
             Was an Elder of Trog.
             Succumbed to a hornet's poison
             ... on level 8 of the Dungeon.
             The game lasted 00:39:07 (6522 turns).

Zeepje01 the Basher (Minotaur Berserker)            Turns: 6522, Time: 00:39:07

Health: 0/118      AC: 14    Str: 29    XL:     9   Next: 63%
Magic:  8/8        EV: 11    Int:  4    God:    Trog [****..]
Gold:   402        SH:  0    Dex: 14    Spells: 8/8 levels left

rFire    + . .     SeeInvis .   R - +4 scimitar
rCold    . . .     Gourm    .   (no shield)
rNeg     . . .     Faith    .   e - +2 chain mail {rF+}
rPois    .         Spirit   .   (helmet restricted)
rElec    .         Reflect  .   (no cloak)
rCorr    .         Harm     .   t - +0 pair of gloves {Dex+3}
MR       .....                  (no boots)
Stlth    ..........             (no amulet)
HPRegen  0.29/turn              (no ring)
MPRegen  0.11/turn              (no ring)

@: berserking, lethally poisoned (0 -> -5), very quick
A: retaliatory headbutt, horns 2
a: Berserk, Trog's Hand, Brothers in Arms, Renounce Religion


You were on level 8 of the Dungeon.
You worshipped Trog.
Trog was greatly pleased with you.
You were not hungry.

You visited 1 branch of the dungeon, and saw 8 of its levels.

You collected 402 gold pieces.

Inventory:

Hand Weapons
 a - a +0 mace
 k - a +0 hand axe
 q - a +0 war axe of chopping
 z - a +0 spear
 C - a +0 trident
 D - a +0 flail
 F - a +0 scythe
 K - a +0 shortbow
 M - a +4 long sword
 P - a +2 flail
 R - a +4 scimitar (weapon)
 T - a +0 blowgun
 U - a +0 shortbow
 Y - a +0 giant spiked club
Missiles
 n - 7 javelins of penetration (quivered)
 u - 2 javelins
 w - 13 tomahawks
 y - 76 arrows
 W - 5 large rocks
 Z - 3 poisoned needles
Armour
 e - a +2 chain mail of fire resistance (worn)
 t - a +0 pair of gloves of dexterity (worn)
 v - a +0 buckler
 S - a scarf of spirit shield
Jewellery
 E - an uncursed ring of protection from magic {unknown}
 H - a +5 ring of intelligence {unknown}
 V - an uncursed ring of flight {unknown}
Wands
 r - a wand of iceblast (5)
 N - a wand of flame (23)
 X - a wand of polymorph (9)
Scrolls
 f - 2 scrolls of enchant weapon {unknown}
 h - 5 scrolls of identify
 i - 3 scrolls of remove curse
 l - 2 scrolls of magic mapping {unknown}
 m - 2 scrolls of teleportation {unknown}
 p - 2 scrolls of fear {unknown}
 B - 2 scrolls of enchant armour {unknown}
 J - 3 scrolls of blinking {unknown}
Potions
 d - a potion of invisibility
 j - a potion of might {unknown}
 s - 2 potions of lignification {unknown}
 A - a potion of agility {unknown}
 G - a potion of heal wounds {unknown}
 I - a potion of curing
 L - a potion of mutation {unknown}
 O - a potion of magic {unknown}
 Q - a potion of flight {unknown}
Comestibles
 c - 12 rations


   Skills:
 + Level 7.2 Fighting
 + Level 6.0 Long Blades
 - Level 1.7(6.5) Axes
 + Level 9.7(9.8) Maces & Flails
 + Level 1.5(2.0) Polearms
 + Level 9.4 Armour
 - Level 3.7 Dodging
 - Level 0.6 Stealth


You had 8 spell levels left.
You didn't know any spells.
Your spell library contained the following spells:

 Spells                   Type           Power        Failure   Level  Hunger
 Apportation              Tloc           #.....       94%         1    ##.....
 Freeze                   Ice            #...         94%         1    ##.....
 Summon Butterflies       Summ           #.......     94%         1    ##.....
 Throw Frost              Conj/Ice       #.....       98%         2    ###....
 Lesser Beckoning         Tloc           #.........   100%        3    ####...
 Ozocubu's Armour         Chrm/Ice       #.......     100%        3    ####...
 Recall                   Summ/Tloc      N/A          100%        3    ####...
 Tukima's Dance           Hex            #.......     100%        3    ####...
 Animate Dead             Necr           N/A          100%        4    #####..
 Summon Ice Beast         Ice/Summ       #.......     100%        4    #####..
 Throw Icicle             Conj/Ice       #.......     100%        4    #####..
 Alistair's Intoxication  Tmut/Pois      #.......     100%        5    ######.
 Borgnjor's Vile Clutch   Necr/Erth      #.........   100%        5    ######.
 Death Channel            Necr           #.........   100%        6    #######
 Invisibility             Hex            #.......     100%        6    #######
 Simulacrum               Ice/Necr       #.........   100%        6    #######


Dungeon Overview and Level Annotations

Branches:
Dungeon (8/15)             Temple (0/1) D:6
   Lair: D:8-11

Altars:
Ashenzari
Cheibriados
Dithmenos
Gozag
Hepliaklqana
Okawaru
Qazlal
Sif Muna
Uskayaw
Vehumet
Yredelemnul

Annotations:
D:5 2 transporters
D:6 2 transporters


Innate Abilities, Weirdness & Mutations

You reflexively headbutt those who attack you in melee.
You have a pair of horns on your head.


Message History

The hornet barely misses you.
You closely miss the orc. Your headbutt misses the orc. The hornet stings you.
* * * LOW HITPOINT WARNING * * *
You are lethally poisoned!
You suddenly lose the ability to move!
The orc hits you but does no damage.
You can move again.
You slash the hornet!
You feel the power of Trog in you as your rage grows.
You kill the hornet!
Trog accepts your kill.
Your Long Blades skill increases to level 6!
* * * LOW HITPOINT WARNING * * *
You feel sick. The orc hits you but does no damage.
You slice the crimson imp!!
You kill the crimson imp!
Trog accepts your kill.
* * * LOW HITPOINT WARNING * * *
You feel sick.
You feel yourself speed up.
You die...

#......##.#####.....
#.#.................
#.######..#.###.....
#.# ##..... #.##
#...... #>.#.##
##.##### #.###.#
#.<.....
#>...#####.##
#..##...
......#o@.......
#..# ##
..............#.
#..# ..##.#..#######
...# .# # #..# ##.##
#..# #. ...# #.
.##.# .# #.


You could see an orc.

Vanquished Creatures
  Pikel (D:5)
  A hornet (D:8)
  Sigmund (D:4)
  A hungry ghost (D:8)
  Duvessa (D:6)
  An ice beast (D:6)
  3 slaves (D:5)
  2 sky beasts (D:6)
  A black bear (D:7)
  2 ogres
  3 centaurs
  A big kobold (D:7)
  A bullfrog (D:7)
  Dowan (D:6)
  A jelly (D:6)
  3 killer bees (D:7)
  5 wights (D:6)
  2 crimson imps
  A bullfrog zombie (D:6)
  A centaur zombie (D:6)
  2 hounds
  A quasit (D:6)
  A centaur skeleton (D:8)
  3 orc priests
  2 orc wizards
  Ijyb (D:5)
  3 iguanas
  A worker ant (D:4)
  Natasha (thrice) (D:4)
  A hound skeleton (D:6)
  A hound zombie (D:7)
  4 gnolls (D:4)
  6 adders
  An ooze (D:3)
  An adder zombie (D:5)
  2 worms
  A dart slug (D:2)
  2 leopard geckos (D:3)
  21 orcs
  8 bats
  3 giant cockroaches
  5 goblins
  7 hobgoblins
  2 jackals (D:2)
  2 quokkas
  4 frilled lizards
  21 kobolds
  4 rats
  A withered plant (D:6)
147 creatures vanquished.

Vanquished Creatures (others)
  A slave (D:5)
1 creature vanquished.

Grand Total: 148 creatures vanquished

Notes
Turn   | Place    | Note
-------+----------+-------------------------------------------
     0 | D:1      | Zeepje01 the Minotaur Berserker began the quest for the
                  | Orb.
     0 | D:1      | Reached XP level 1. HP: 19/19 MP: 0/0
   210 | D:1      | Reached XP level 2. HP: 26/27 MP: 1/1
   874 | D:2      | Found a shattered altar of Ashenzari.
   874 | D:2      | Found a shadowy altar of Dithmenos.
   923 | D:2      | Reached XP level 3. HP: 20/33 MP: 2/2
  1264 | D:2      | Reached ** piety under Trog
  1696 | D:3      | Reached XP level 4. HP: 40/41 MP: 3/3
  1719 | D:3      | Reached skill level 5 in Maces & Flails
  1727 | D:3      | Reached XP level 5. HP: 41/47 MP: 4/4
  1987 | D:3      | Reached *** piety under Trog
  2437 | D:4      | Noticed Sigmund
  2442 | D:4      | Killed Sigmund
  2442 | D:4      | Reached XP level 6. HP: 45/55 MP: 5/5
  2514 | D:4      | Reached skill level 5 in Armour
  2703 | D:4      | Noticed Natasha
  2709 | D:4      | Killed Natasha
  2709 | D:4      | Reached skill level 1 in Axes
  2758 | D:4      | Noticed Natasha
  2762 | D:4      | Killed Natasha
  2857 | D:4      | Reached XP level 7. HP: 60/60 MP: 6/6
  2966 | D:4      | Noticed Natasha
  2974 | D:4      | Killed Natasha
  3029 | D:4      | Found a deep blue altar of Sif Muna.
  3342 | D:5      | Entered Level 5 of the Dungeon
  3342 | D:5      | Noticed Pikel
  3358 | D:5      | Noticed Ijyb
  3364 | D:5      | Killed Pikel
  3364 | D:5      | Reached skill level 5 in Fighting
  3364 | D:5      | Reached skill level 1 in Polearms
  3364 | D:5      | Reached XP level 8. HP: 68/68 MP: 7/7
  3395 | D:5      | Killed Ijyb
  3620 | D:5      | Found a transporter.
  3624 | D:5      | Noticed a kobold demonologist
  3688 | D:5      | Found a transporter.
  4072 | D:6      | Found an opulent altar of Gozag.
  4088 | D:6      | Found a snail-covered altar of Cheibriados.
  4101 | D:6      | Found a basalt altar of Yredelemnul.
  4117 | D:6      | Reached **** piety under Trog
  4197 | D:6      | Found a staircase to the Ecumenical Temple.
  4253 | D:6      | Found a radiant altar of Vehumet.
  4413 | D:6      | Reached skill level 1 in Long Blades
  4596 | D:6      | Found a transporter.
  4602 | D:6      | Found a transporter.
  4602 | D:6      | Noticed a manticore
  4613 | D:6      | Found an iron altar of Okawaru.
  4613 | D:6      | Found a hide-covered altar of Uskayaw.
  4614 | D:6      | Found an opulent altar of Gozag.
  4734 | D:6      | Noticed Duvessa
  4744 | D:6      | Killed Duvessa
  4744 | D:6      | Reached XP level 9. HP: 31/78 MP: 8/8
  4744 | D:6      | Noticed Dowan
  4758 | D:6      | Killed Dowan
  5713 | D:7      | Found a hazy altar of Hepliaklqana.
  5722 | D:7      | Found a stormy altar of Qazlal.
  6170 | D:7      | Reached skill level 5 in Long Blades
  6515 | D:8      | Paralysed by a hornet for 1 turns
  6517 | D:8      | HP: 3/118 [hornet (5)]
  6519 | D:8      | Paralysed by a hornet for 1 turns
  6520 | D:8      | HP: 1/118 [poisoned by a hornet]
  6522 | D:8      | Succumbed to a hornet's poison

Skill      XL: |  1  2  3  4  5  6  7  8  9 |
---------------+----------------------------+-----
Fighting       | 4 5 6 7 |  7.2
Maces & Flails | 4 5 6 7 8 9 |  9.7
Armour         | 3 4 5 6 8 9 |  9.4
Axes           | 1 |  1.7
Dodging        | 3 |  3.7
Polearms       | 1 |  1.5
Long Blades    | 2 6 |  6.0
Stealth        | |  0.6

Action                   |  1- 3 |  4- 6 |  7- 9 || total
-------------------------+-------+-------+-------++-------
Melee: Mace              |   102 |    39 |       ||   141
       Headbutt          |    12 |    14 |    64 ||    90
       War axe           |       |     5 |       ||     5
       Flail             |       |    17 |   115 ||   132
       Scythe            |       |     4 |       ||     4
       Scimitar          |       |       |   104 ||   104
Invok: Berserk           |       |     2 |     4 ||     6
  Use: Potion            |       |     1 |       ||     1
       Scroll            |       |       |     2 ||     2
  Eat: Chunk             |     2 |     6 |     4 ||    12
       Ration            |       |       |     4 ||     4
Armor: Chain mail        |    69 |    53 |   122 ||   244
Dodge: Dodged            |    61 |    39 |   148 ||   248
       Rpst.: Scimitar   |       |       |    23 ||    23
